 Dungeon Crawl Stone Soup version 0.31-a0-705-ga145531891 (webtiles) character file.

Game seed: 2034165750790700668

730 randomguy2701 the Chopper (level 7, -4/61 HPs)
             Began as a Hill Orc Fighter on Sept 9, 2023.
             Was a Follower of Beogh.
             Splashed by a jelly's acid (9 damage)
             ... on level 4 of the Dungeon.
             The game lasted 00:04:54 (3979 turns).

randomguy2701 the Chopper (Hill Orc Fighter)        Turns: 3979, Time: 00:04:54

Health: -4/61      AC:  7    Str: 19      XL:     7   Next: 73%
Magic:  7/7        EV:  9    Int:  8      God:    Beogh [*.....]
Gold:   253        SH:  4    Dex: 11 (12) Spells: 6/6 levels left

rFire   . . .        a - +0 war axe
rCold   . . .        c - +0 buckler
rNeg    . . .        b - +0 scale mail
rPois   .            (no helmet)
rElec   .            (no cloak)
rCorr   .            (no gloves)
SInv    .            (no boots)
Will    .....        (no amulet) Stlth
                     (no ring)
HPRegen 0.30/turn    (no ring)
MPRegen 0.10/turn

%: no passive effects
@: no status effects
A: no striking features
a: Renounce Religion


You were on level 4 of the Dungeon.
You worshipped Beogh.
Beogh was aware of your devotion.
You visited 1 branch of the dungeon, and saw 4 of its levels.

You collected 253 gold pieces.

Inventory:

Hand Weapons
 a - a +0 war axe (weapon)
Armour
 b - a +0 scale mail (worn)
 c - a +0 buckler (worn)
Jewellery
 i - a ring of magical power
 l - a ring of poison resistance
 t - an amulet of regeneration
Wands
 n - a wand of flame (22)
 p - a wand of iceblast (11)
 u - a wand of mindburst (17)
Scrolls
 e - a scroll of vulnerability {unknown}
 g - 6 scrolls of identify {unknown}
 h - 2 scrolls of blinking {unknown}
 m - 2 scrolls of poison {unknown}
 o - 2 scrolls of enchant armour {unknown}
 r - a scroll of butterflies {unknown}
 s - 2 scrolls of revelation {unknown}
 x - a scroll of teleportation {unknown}
Potions
 d - a potion of might
 f - 2 potions of curing
 j - a potion of attraction {unknown}
 k - 3 potions of cancellation {unknown}
 q - a potion of lignification {unknown}
 v - a potion of brilliance {unknown}
 w - 2 potions of heal wounds {unknown}


   Skills:
 + Level 5.2 Fighting
 + Level 7.3 Axes
 + Level 5.6 Armour
 + Level 1.7 Dodging
 + Level 0.1 Stealth
 + Level 4.2 Shields


You had 6 spell levels left.
You didn't know any spells.
Your spell library contained the following spells:

 Spells                   Type           Power      Damage    Failure   Level
 Slow                     Hex            0%         N/A       83%         1
 Blink                    Tloc           0%         N/A       92%         2
 Lesser Beckoning         Tloc           0%         N/A       92%         2
 Momentum Strike          Conj/Tloc      0%         3d8       92%         2
 Confusing Touch          Hex            0%         N/A       99%         3
 Dazzling Flash           Conj/Hex       0%         N/A       99%         3
 Gell's Gravitas          Tloc           0%         N/A       99%         3
 Sigil of Binding         Hex            0%         N/A       99%         3
 Teleport Other           Tloc           0%         N/A       99%         3
 Vampiric Draining        Necr           0%         2d6       99%         3
 Volatile Blastmotes      Fire/Tloc      0%         2d10      99%         3
 Starburst                Conj/Fire      0%         6d3       100%        6
 Maxwell's Capacitive Co  Air            0%         ∞         100%        8


Dungeon Overview and Level Annotations

Branches:
Dungeon (4/15)             Temple (0/1) D:4

Altars:
Hepliaklqana
Makhleb
Yredelemnul


Message History

You slash the orc priest!
You kill the orc priest!
Beogh accepts your kill.
Beogh appreciates your killing of a heretic priest.
A jelly comes into view.
The orc priest hits you with a +0 flail.
* * * LOW HITPOINT WARNING * * *
The jelly quivers.
You slash the orc priest!
You kill the orc priest!
Beogh accepts your kill.
Beogh appreciates your killing of a heretic priest.
There is an open door here.
You close the door.
You hear a slurping noise.
The jelly eats the door!
A jelly is nearby!
As you open the door, it creaks loudly! The jelly barely misses you.
There is an open door here.
You close the door.
You hear a slurping noise.
The jelly eats the door!
The jelly attacks as it pursues you! The jelly closely misses you.
The jelly attacks as it pursues you! You block the jelly's attack.
The jelly attacks as it pursues you! You block the jelly's attack.
You enter the shallow water.
Moving in this stuff is going to be slow.
The jelly hits you but does no damage. The jelly attacks as it pursues you!
The jelly hits you.
* * * LOW HITPOINT WARNING * * *
You are splashed with acid!
* * * LOW HITPOINT WARNING * * *
The jelly hits you but does no damage. The jelly closely misses you.
You block the jelly's attack. The jelly hits you.
* * * LOW HITPOINT WARNING * * *
You are splashed with acid!
You die...

#.####.##
#######........
#........###...
#.#####.###.... #.#
#........ #########.#
#######.# #..§§.....#
#.# #..§§♣..#.# #.#
#..~§§@P#.##### ##'#
##.~~~J~......# ##.†.
#.~~~~.#.#.#.# ##....
#♣~~≈~P#.#.#.# ##.....
#.P....#...>.###......
####..##..............
#.........###......
##......### ##.....
####.### ##....


You could see a jelly.

Vanquished Creatures
  2 black bears (D:4)
  2 water moccasin skeletons (D:3)
  A hound (D:3)
  A quasit (D:4)
  3 orc priests
  Jessica (D:3)
  Ijyb (D:3)
  An orc wizard (D:4)
  Natasha (twice) (D:3)
  Terence (D:2)
  3 adders
  3 shadow imps (D:4)
  3 white imps (D:4)
  4 ufetubi
  An adder zombie (D:3)
  An adder skeleton (D:3)
  A dart slug (D:3)
  5 orcs
  4 ball pythons
  6 endoplasms
  A giant cockroach (D:3)
  3 goblins
  3 hobgoblins
  3 jackals (D:3)
  5 kobolds
  5 quokkas
  4 bats
  5 frilled lizards
  A jackal skeleton (D:3)
  4 rats
80 creatures vanquished.

Vanquished Creatures (others)
  Natasha (D:3)
1 creature vanquished.

Grand Total: 81 creatures vanquished

Notes
Turn   | Place    | Note
-------+----------+-------------------------------------------
     0 | D:1      | randomguy2701 the Hill Orc Fighter began the quest for the
                  | Orb.
     0 | D:1      | Reached XP level 1. HP: 19/19 MP: 1/1
   192 | D:1      | Reached XP level 2. HP: 20/27 MP: 2/2
   734 | D:1      | Reached skill level 3 in Axes
   819 | D:2      | Noticed Terence
   829 | D:2      | Killed Terence
   830 | D:2      | Reached XP level 3. HP: 8/33 MP: 3/3
  1173 | D:2      | Found a faded altar of an unknown god.
  1567 | D:3      | Found a transporter.
  1590 | D:3      | Reached skill level 4 in Axes
  1590 | D:3      | Reached XP level 4. HP: 15/41 MP: 4/4
  1707 | D:3      | Found a hazy altar of Hepliaklqana.
  1707 | D:3      | Found a basalt altar of Yredelemnul.
  1707 | D:3      | Found a burning altar of Makhleb.
  1741 | D:3      | Noticed Ijyb
  1752 | D:3      | Killed Ijyb
  1753 | D:3      | Reached skill level 1 in Dodging
  1753 | D:3      | Reached XP level 5. HP: 44/47 MP: 5/5
  1837 | D:3      | Noticed Natasha
  1844 | D:3      | Killed Natasha
  1933 | D:3      | Became a worshipper of Beogh the Brigand
  2022 | D:3      | Reached skill level 5 in Axes
  2095 | D:3      | Killed Natasha
  2164 | D:3      | Noticed Natasha
  2174 | D:3      | Killed Natasha
  2175 | D:3      | Reached XP level 6. HP: 35/53 MP: 6/6
  2298 | D:3      | Found a transporter.
  2376 | D:3      | Noticed Jessica
  2380 | D:3      | Killed Jessica
  2598 | D:3      | Reached skill level 6 in Axes
  2926 | D:4      | Found a staircase to the Ecumenical Temple.
  3381 | D:4      | Noticed a black bear
  3393 | D:4      | Killed a black bear
  3394 | D:4      | Reached skill level 5 in Armour
  3394 | D:4      | Reached XP level 7. HP: 32/60 MP: 7/7
  3764 | D:4      | Reached * piety under Beogh
  3932 | D:4      | Reached skill level 5 in Fighting
  3939 | D:4      | Reached skill level 7 in Axes
  3979 | D:4      | Splashed by a jelly's acid

Illustrated notes

Levels and vault maps discovered:
D:1:      lemuel_arrival_broad_hall, layout_loops_corners
D:2:      layout_basic, hellmonk_ecumenical_altar_zigzags, uniq_terence
D:3:      layout_loops_ring, gammafunk_temple_overflow_arena, serial_undead,
          serial_undead_b, serial_undead_e, serial_undead_c, serial_undead_f,
          serial_undead_c, serial_undead_a, serial_undead_e, serial_undead_b,
          uniq_natasha, uniq_ijyb, uniq_jessica
D:4:      layout_loops_corners, minmay_temple_entry_sparse_star,
          gammafunk_ghost_nasty_kobolds, serial_demonic, serial_demonic_d,
          serial_demonic_f, serial_demonic_e, serial_demonic_f

Skill      XL: |  1  2  3  4  5  6  7 |
---------------+----------------------+-----
Fighting       | 4 5 |  5.2
Axes           | 3 4 5 6 7 |  7.3
Armour         | 4 5 |  5.6
Dodging        | 1 |  1.7
Shields        | 4 |  4.2
Stealth        | |  0.1

Action                     |  1- 3 |  4- 6 |  7- 9 || total
---------------------------+-------+-------+-------++-------
  Melee: War axe           |    78 |   140 |    54 ||   272
 Invoke: Convert to Beogh  |       |     1 |       ||     1
    Use: Potion            |     2 |       |       ||     2
 Armour: Scale mail        |    58 |   177 |    56 ||   291
  Dodge: Dodged            |    41 |   110 |    30 ||   181
  Block: Buckler           |    20 |    54 |    16 ||    90

Table legend: (Time is in decaauts)
 A = Elapsed time spent in this place.
 B = Non-inter-level travel time spent in this place.
 C = Inter-level travel time spent in this place.
 D = Time resting spent in this place.
 E = Time spent auto-exploring this place.
 F = Levels seen in this place.
 G = Mean time per level.
                   A        B        C        D        E       F      G
               +--------+--------+--------+--------+--------+-----+--------+
         Total |   4063 |   3842 |    221 |      0 |   3196 |   4 | 1015.8 |
       Dungeon |   4063 |   3842 |    221 |      0 |   3196 |   4 | 1015.8 |
               +--------+--------+--------+--------+--------+-----+--------+

Top non-repeatable levels by time:
     D:3: 1486 daAuts
     D:4: 985 daAuts
     D:2: 806 daAuts
     D:1: 786 daAuts
